 Dungeon Sprint DCSS version 0.29-a0-414-g5075937ec3 (webtiles) character file.

Game seed: 8458792678681064877

3400000 Zeld the Intangible (level 20, -33/181 HPs)
             Began as a Djinni Monk on May 15, 2022.
             Was the Champion of Makhleb.
             Annihilated by The Servant
             ... wielding a +9 glaive of flaming
              (113 damage)
             ... in the Dungeon (Sprint VIII: "Arena of Blood").
             The game lasted 00:00:56 (34 turns).

Zeld the Intangible (Djinni Monk)                     Turns: 34, Time: 00:00:57

Health: -33/181    AC:  2    Str: 16    XL:     20   Next: 60%
Gold:   0          EV: 30    Int: 13    God:    Makhleb [******] SH:  0 Dex: 18

rFire   + + .      SeeInvis .   h - +∞ Axe of Woe
rCold   x . .      Faith    .   (shield currently unavailable)
rNeg    . . .      Spirit   .   a - +0 robe
rPois   ∞          Reflect  .   (no helmet)
rElec   .          Harm     .   (no cloak)
rCorr   .          Rampage  .   (no gloves)
Will    ++...      NoTele   +   (boots unavailable)
Stlth   +++++++...              (no amulet)
HPRegen 0.40/turn               (no ring)
MPRegen 0.00/turn               (no ring)

@: death channelling, flying
A: sickness immunity, fire resistance 2, cold vulnerability 1, float, innate
caster, HP casting, extra vitality 1
a: Renounce Religion, Minor Destruction, Lesser Servant of Makhleb, Major
Destruction, Greater Servant of Makhleb


You were in the Dungeon.
You worshipped Makhleb.
Makhleb was exalted by your worship.
You visited 1 branch

Inventory:

Hand Weapons
 h - the +∞ Axe of Woe (weapon)
   (You found it in the Dungeon)
Armour
 a - a +0 robe (worn)
Scrolls
 g - a scroll of blinking
Potions
 b - a potion of ambrosia
 c - a potion of curing
 d - a potion of heal wounds
 e - a potion of haste
 f - a potion of berserk rage


   Skills:
 O Level 27 Fighting
 O Level 27 Axes
 O Level 27 Dodging
 + Level 18.4 Stealth
 O Level 27 Unarmed Combat
 O Level 27 Spellcasting


You had 36 spell levels left.
You knew the following spells:

 Your Spells              Type           Power      Damage    Failure   Level
a - Pain                  Necr           100%       1d9       0%          1
b - Searing Ray           Conj           100%       2d8       0%          2
c - Passwall              Tmut/Erth      60%        N/A       0%          2
d - Tukima's Dance        Hex            73%        N/A       0%          3
e - Alistair's Intoxicat  Tmut/Pois      48%        N/A       0%          5
f - Borgnjor's Vile Clut  Necr/Erth      36%        N/A       0%          5
g - Eringya's Noxious Bo  Tmut/Pois      36%        N/A       0%          6
h - Monstrous Menagerie   Summ           36%        N/A       1%          7
i - Death Channel         Necr           36%        N/A       0%          6
Your spell library was empty.

Dungeon Overview and Level Annotations

Branches:
Dungeon (1/1)

Altars:
Makhleb

Annotations:
D The Servant


Innate Abilities, Weirdness & Mutations

You are immune to sickness and miasma.
You are immune to poison.
Your flesh is very heat resistant. (rF++)
You are vulnerable to cold. (rC-)
You float through the air rather than walking.
You learn spells naturally, not from books.
Your magical power is your life essence.
You have superior vitality. (+4 MHP)


Message History

You hear a shout! x8
You hit the bag of meat.
You cleave the bag of meat in twain.
You kill the bag of meat!
Makhleb accepts your kill.
A glowing mist starts to gather...
You hear a shout! x4
Your Stealth skill gained 3 levels and is now at level 15!
Unknown command.
Unknown command.
Unknown command.
Unknown command.
Unknown command.
You hear a shout! x4
Your spectral bag of meat is engulfed in blazing flames.
You slash the bag of meat!
You slaughter the bag of meat joyfully.
You kill the bag of meat!
Makhleb accepts your kill.
A glowing mist starts to gather...
You hear a shout! x6
The Servant hits you from afar with a +9 glaive of flaming!!!!
Ouch! That really hurt!
The Servant burns you!
Your Stealth skill gained 3 levels and is now at level 18!
Unknown command.
Unknown command.
You hear a shout! x7
A sculptor of flesh comes into view. It is wielding a +9 great sword.
You hear a shout! x2
The Servant completely misses you.
You hear a shout!
Your spectral bag of meat closely misses The Servant.
Unknown command.
You hear a shout! x6
Your spectral bag of meat hits The Servant.
You hear a shout! x2
A meat berserker comes into view. It is wielding a +9 battleaxe.
You hear a shout!
The Servant hits you from afar with a +9 glaive of flaming!!!!
Ouch! That really hurt!
You die...

.. .. .. .z #.
.# #.. ..#
.###.. ..###.
......###......
......)_Z.....O
....#.)@Z@#....
. #_°○Z_# .
#.§)..#
.....§§....
......###......
.###.. ..###.
#.. ..# #.. ..#
.. ..


You could see The Servant (ally target), a sculptor of flesh, a meat berserker
(berserk) and 3 friendly spectral bags of meat.

Vanquished Creatures
  2 vampire knights (D)
  8 ogres (D)
  A two-headed ogre (D)
  16 orcs (D)
27 creatures vanquished.

Notes
Turn   | Place    | Note
-------+----------+-------------------------------------------
     0 | D        | Found the +∞ Axe of Woe
     0 | D        | Zeld the Djinni Monk began the quest for the Orb.
     0 | D        | Reached XP level 1. HP: 20/20 MP: 0/0
     2 | D        | Noticed a bag of meat
     4 | D        | Became a worshipper of Makhleb the Destroyer
     4 | D        | Reached * piety under Makhleb
     4 | D        | Reached ** piety under Makhleb
     5 | D        | Noticed a bag of meat
     5 | D        | Noticed a bag of meat
     5 | D        | Noticed a bag of meat
     6 | D        | Noticed a meat berserker
     6 | D        | Noticed a bag of meat
     6 | D        | Noticed a meat berserker
     6 | D        | Noticed a meat berserker
     6 | D        | Noticed a meat berserker
     7 | D        | Noticed a bag of meat
     9 | D        | Killed a meat berserker
     9 | D        | Killed a meat berserker
     9 | D        | Noticed a meat berserker
     9 | D        | Noticed a bag of meat
    10 | D        | Reached skill level 5 in Axes
    10 | D        | Reached skill level 5 in Stealth
    10 | D        | Reached XP level 2. HP: 47/47 MP: 0/0
    10 | D        | Reached XP level 3. HP: 52/52 MP: 0/0
    10 | D        | Learned a level 1 spell: Pain
    10 | D        | Reached XP level 4. HP: 59/59 MP: 0/0
    10 | D        | Reached XP level 5. HP: 65/65 MP: 0/0
    10 | D        | Learned a level 2 spell: Searing Ray
    10 | D        | Reached XP level 6. HP: 71/71 MP: 0/0
    10 | D        | Reached XP level 7. HP: 77/77 MP: 0/0
    10 | D        | Learned a level 2 spell: Passwall
    10 | D        | Reached XP level 8. HP: 84/84 MP: 0/0
    10 | D        | Reached XP level 9. HP: 89/89 MP: 0/0
    10 | D        | Learned a level 3 spell: Tukima's Dance
    10 | D        | Reached XP level 10. HP: 95/95 MP: 0/0
    10 | D        | Reached XP level 11. HP: 102/102 MP: 0/0
    10 | D        | Learned a level 5 spell: Alistair's Intoxication
    10 | D        | Reached XP level 12. HP: 108/108 MP: 0/0
    10 | D        | Reached XP level 13. HP: 113/113 MP: 0/0
    10 | D        | Learned a level 5 spell: Borgnjor's Vile Clutch
    10 | D        | Killed a bag of meat
    10 | D        | Reached *** piety under Makhleb
    10 | D        | Killed a meat berserker
    10 | D        | Killed a bag of meat
    10 | D        | Noticed a meat berserker
    10 | D        | Noticed a bag of meat
    11 | D        | Reached XP level 14. HP: 69/128 MP: 0/0
    11 | D        | Reached XP level 15. HP: 72/133 MP: 0/0
    11 | D        | Learned a level 6 spell: Eringya's Noxious Bog
    11 | D        | Killed a meat berserker
    11 | D        | Reached **** piety under Makhleb
    12 | D        | Reached skill level 15 in Spellcasting
    12 | D        | Reached XP level 16. HP: 144/144 MP: 0/0
    12 | D        | Killed a meat berserker
    12 | D        | Noticed a meat berserker
    13 | D        | Killed a meat berserker
    13 | D        | Reached ***** piety under Makhleb
    14 | D        | Reached skill level 27 in Dodging
    14 | D        | Reached XP level 17. HP: 157/157 MP: 0/0
    14 | D        | Learned a level 7 spell: Monstrous Menagerie
    16 | D        | Noticed a meat berserker
    16 | D        | Killed a meat berserker
    17 | D        | Reached skill level 27 in Fighting
    17 | D        | Reached skill level 10 in Stealth
    17 | D        | Reached XP level 18. HP: 167/167 MP: 0/0
    17 | D        | Killed a meat berserker
    18 | D        | Reached skill level 27 in Unarmed Combat
    18 | D        | Reached ****** piety under Makhleb
    18 | D        | Noticed a large bag of meat
    19 | D        | Reached XP level 19. HP: 174/174 MP: 0/0
    19 | D        | Learned a level 6 spell: Death Channel
    22 | D        | Noticed a destroyer
    23 | D        | Killed a large bag of meat
    26 | D        | Noticed The Servant
    26 | D        | Noticed a destroyer
    28 | D        | Killed a destroyer
    28 | D        | Killed a destroyer
    29 | D        | Reached skill level 27 in Axes
    29 | D        | Reached skill level 27 in Spellcasting
    29 | D        | Reached XP level 20. HP: 181/181 MP: 0/0
    31 | D        | Reached skill level 15 in Stealth
    34 | D        | Noticed a meat berserker
    34 | D        | Annihilated by The Servant

Illustrated notes

Levels and vault maps discovered:
D:        meatsprint

Skill      XL: |  1  2  3  4  5  6  7  8  9 10 11 12 13 14 15 16 17 18 19 20 |
---------------+-------------------------------------------------------------+-----
Fighting       | 18 21 22 25 27 | 27.0
Axes           | 5 6 8 11 14 19 27 | 27.0
Dodging        | 19 22 24 27 | 27.0
Stealth        | 5 7 9 10 11 12 18 | 18.4
Unarmed Combat | 17 20 22 24 26 27 | 27.0
Spellcasting   | 12 14 15 18 20 23 27 | 27.0

Action                   |  1- 3 |  4- 6 |  7- 9 | 10-12 | 13-15 | 16-18 | 19-21 || total
-------------------------+-------+-------+-------+-------+-------+-------+-------++-------
Melee: Executioner's axe |     1 |       |       |       |     2 |     6 |     5 ||    14
 Cast: Eringya's Noxious |       |       |       |       |       |     1 |       ||     1
       Death Channel     |       |       |       |       |       |       |     1 ||     1
Dodge: Dodged            |       |       |       |       |       |     1 |     1 ||     2

Table legend: (Time is in decaauts)
 A = Elapsed time spent in this place.
 B = Non-inter-level travel time spent in this place.
 C = Inter-level travel time spent in this place.
 D = Time resting spent in this place.
 E = Time spent auto-exploring this place.
 F = Levels seen in this place.
 G = Mean time per level.
                   A        B        C        D        E       F      G
               +--------+--------+--------+--------+--------+-----+--------+
         Total |     36 |     36 |      0 |      0 |      0 |   1 |   36.0 |
       Dungeon |     36 |     36 |      0 |      0 |      0 |   1 |   36.0 |
               +--------+--------+--------+--------+--------+-----+--------+

Top non-repeatable levels by time:
       D: 36 daAuts
